 Dungeon Crawl Stone Soup version 0.19-a0-1007-g133f65f (webtiles) character file.

126 HAL9000 the Ruffian (level 4, -10/35 HPs)
             Began as a Draconian Transmuter on July 19, 2016.
             Shot with an arrow by a centaur (15 damage)
             ... on level 3 of the Dungeon.
             The game lasted 00:03:07 (1931 turns).

HAL9000 the Ruffian (Draconian Transmuter)          Turns: 1931, Time: 00:03:07

Health: -10/35     AC:  5    Str: 13    XL:     4   Next: 84%
Magic:  7/7        EV: 17    Int: 13    God:
Gold:   124        SH:  0    Dex: 17    Spells: 2 memorised, 4 levels left

rFire  . . .     SeeInvis .       - Unarmed
rCold  . . .     Gourm    .     (armour unavailable)
rNeg   . . .     Faith    .     (no shield)
rPois  .         Spirit   .     (helmet restricted)
rElec  .         Dismiss  .     (no cloak)
rCorr  .         Reflect  .     (no gloves)
SustAt .         Harm     .     (no boots)
MR     .....                    (no amulet)
Stlth  +++.......               (no ring)
                                (no ring)

@: agile, appendage (expiring), not resistant to hostile enchantments, fairly
stealthy
A: unfitting armour, horns 2, cold-blooded, AC +5
a: End Transformation


You were on level 3 of the Dungeon.
You were not hungry.
You had grown temporary horns.
You visited 1 branch of the dungeon, and saw 3 of its levels.

You collected 124 gold pieces.

Inventory:

Missiles
 a - 39 arrows
Scrolls
 d - 4 scrolls of identify {unknown}
 e - a scroll of fear {unknown}
 f - 2 scrolls of recharging {unknown}
 g - a scroll of random uselessness {unknown}
 k - a scroll of enchant weapon {unknown}
 l - a scroll of magic mapping {unknown}
Books
 b - a book of Changes

   Spells                             Type                      Level
   a - Beastly Appendage              Transmutation                1
   b - Sticks to Snakes               Transmutation                2
   c - Spider Form                    Transmutation/Poison         3
   d - Ice Form                       Ice/Transmutation            4
   e - Blade Hands                    Transmutation                5
Comestibles
 c - 2 bread rations
 h - 3 fruits
 n - a meat ration


   Skills:
 - Level 1.1 Fighting
 - Level 1.7 Dodging
 + Level 4.5 Unarmed Combat
 - Level 2.0 Spellcasting
 + Level 3.8 Transmutations


You had 4 spell levels left.
You knew the following spells:

 Your Spells              Type           Power        Failure   Level  Hunger
a - Beastly Appendage     Tmut           ##....       8%          1    ##.....
b - Sticks to Snakes      Tmut           ##......     10%         2    ###....


Dungeon Overview and Level Annotations

Branches:
Dungeon (3/15)

Altars:
Ru

Portals:
Sewer: D:3


Innate Abilities, Weirdness & Mutations

Your plain brown scales are hard. (AC +5)
Your body does not fit into most forms of armour.
You are cold-blooded and may be slowed by cold attacks.
You have a pair of horns on your head.


Message History

You feel a bit more experienced.
You hear the drain falling apart.
The centaur shoots an arrow.
The arrow barely misses you.
You see here an arrow.
Unknown command.
The centaur shoots an arrow.
The arrow hits you!
* * * LOW HITPOINT WARNING * * *
You see here an arrow.
Unknown command.
Okay, then.
It was a potion of agility.
You feel agile all of a sudden.
It was a potion of magic.
Magic courses through your body.
The centaur shoots an arrow.
The arrow misses you.
Unknown command.
Your transformation is almost over.
The centaur shoots an arrow.
The arrow misses you.
You see here an arrow.
The centaur shoots an arrow.
The arrow hits you!
You die...

#...#.##r# #..
#...#.##.#############..
#.>...........r.........
###.#.##....r(......##..
########.#.#############÷###.
.........#......†...# #)# #.
################....# #.# #.
#.....<..# #.# ## #@###....#
#.# # #(# #....# #.# #
#(######'####.#
#(#...........#
#.#...........#
#.#..........÷####
#.###...........). #c#
#.........#### #(#
#######...##


You could see a centaur.

Vanquished Creatures
  2 adders
  2 river rats (D:3)
  4 worms
  2 dart slugs
  A giant gecko (D:3)
  An orc (D:3)
  A ball python (D:2)
  2 bats
  4 giant cockroaches
  5 goblins
  5 hobgoblins
  5 kobolds
  2 quokkas (D:2)
  A giant newt (D:2)
  4 rats
41 creatures vanquished.

Vanquished Creatures (collateral kills)
  3 adders (D:3)
  2 giant cockroaches (D:3)
  2 goblins (D:3)
  4 hobgoblins
  A bat (D:3)
  A giant newt (D:3)
  A kobold (D:3)
  2 rats
16 creatures vanquished.

Grand Total: 57 creatures vanquished

Notes
Turn   | Place    | Note
-------+----------+-------------------------------------------
     0 | D:1      | HAL9000 the Draconian Transmuter began the quest for the Orb.
     0 | D:1      | Reached XP level 1. HP: 16/16 MP: 3/3
   191 | D:1      | Reached XP level 2. HP: 23/23 MP: 3/5
   309 | D:1      | You fall through a shaft!
   491 | D:2      | Learned a level 2 spell: Sticks to Snakes
   516 | D:2      | Found a sacrificial altar of Ru.
   632 | D:2      | Reached XP level 3. HP: 19/28 MP: 2/6
  1331 | D:3      | Reached skill level 4 in Unarmed Combat
  1505 | D:3      | Reached XP level 4. HP: 30/35 MP: 0/7
  1640 | D:3      | Found a glowing drain.
  1916 | D:3      | Noticed a centaur
  1931 | D:3      | Shot with an arrow by a centaur

Vault maps used:
D:1:      minmay_arrival_checkered_box
D:2:      nicolae_ru_awakened_eye, first_bread, kennysheep_flooded_box
D:3:      portal_sewer_entry_b

Skill      XL: |  1  2  3 |
---------------+----------+-----
Transmutations | 3 |  3.8
Unarmed Combat | 4 |  4.5
Fighting       | |  1.1
Dodging        | |  1.7
Spellcasting   | |  2.0

Action                   |  1- 3 |  4- 6 || total
-------------------------+-------+-------++-------
Melee: Unarmed           |   125 |    46 ||   171
       Kick              |    13 |     2 ||    15
       Tailslap          |    10 |     6 ||    16
       Headbutt          |     8 |     3 ||    11
       Punch             |     1 |       ||     1
 Cast: Beastly Appendage |    21 |     4 ||    25
       Sticks to Snakes  |     6 |     9 ||    15
  Use: Potion            |       |     2 ||     2
 Stab: Sleeping          |     1 |       ||     1
  Eat: Chunk             |     3 |     2 ||     5
Armor: Skin              |    40 |    14 ||    54
Dodge: Dodged            |    73 |    39 ||   112
